 Dungeon Crawl Stone Soup version 0.25-a0-822-g6581751b11 (webtiles) character file.

Game seed: 11225188735664930861, levelgen mode: deterministic

210 Lanoc the Chopper (level 5, -11/36 HPs)
             Began as an Octopode Gladiator on Apr 21, 2020.
             Mangled by Duvessa
             ... wielding a +0 short sword of protection
              (14 damage)
             ... on level 4 of the Dungeon.
             The game lasted 00:03:23 (2495 turns).

Lanoc the Chopper (Octopode Gladiator)              Turns: 2495, Time: 00:03:23

Health: -11/36     AC:  1    Str: 15    XL:     5   Next: 87%
Magic:  5/5        EV: 15    Int: 10    God:
Gold:   166        SH:  0    Dex: 15    Spells: 4/4 levels left

rFire    . . .     SeeInvis +   a - +1 hand axe (vamp)
rCold    . . .     Gourm    .   (no shield)
rNeg     . . .     Faith    .   b - +0 hat
rPois    .         Spirit   .   (no amulet)
rElec    .         Reflect  .   f - ring of see invisible
rCorr    .         Harm     .   l - +2 ring of strength
MR       .....                  (no ring)
Stlth    ++........             (no ring)
HPRegen  0.12/turn              (no ring)
MPRegen  0.09/turn              (no ring)
                                (no ring)
                                (no ring)

@: no status effects
A: almost no armour, stealthy swim, amphibious, 8 rings, constrict 8, camouflage
1, gelatinous body 1
a: no special abilities


You were on level 4 of the Dungeon.
You were very hungry.

You visited 1 branch of the dungeon, and saw 4 of its levels.

You collected 166 gold pieces.

Inventory:

Hand Weapons
 a - a +1 vampiric hand axe (weapon)
 k - a +1 hand axe of flaming
 m - a +0 war axe
Missiles
 c - 3 throwing nets (quivered)
Armour
 b - a +0 hat (worn)
Jewellery
 f - a ring of see invisible (left tentacle)
 l - a +2 ring of strength (right tentacle)
Scrolls
 e - 2 scrolls of identify
 g - a scroll of enchant weapon {unknown}
 i - 5 scrolls of teleportation
 o - a scroll of fear {unknown}
Potions
 h - a potion of lignification {unknown}
 j - a potion of berserk rage
 n - a potion of invisibility {unknown}
Comestibles
 d - 6 rations


   Skills:
 + Level 3.3 Fighting
 * Level 4.9 Axes
 - Level 2.0 Throwing
 + Level 4.1 Dodging


You had 4 spell levels left.
You didn't know any spells.
Your spell library was empty.

Dungeon Overview and Level Annotations

Branches:
Dungeon (4/15)
 Temple: D:4-7

Altars:
Gozag

Annotations:
D:3 1 runed translucent door, DrMuscles's ghost, amateur FoFi
D:4 Duvessa


Innate Abilities, Weirdness & Mutations

You cannot wear most types of armour.
You are very stealthy in the water. (Stealth+)
You are amphibious.
You can wear up to eight rings at the same time.
You can use your tentacles to constrict eight enemies at once.
Your skin changes colour to match your surroundings (Stealth+).
Your rubbery body absorbs attacks. (AC +1, EV +1)


Message History

You constrict Duvessa. Duvessa closely misses you. x2
You hit Duvessa but do no damage.
Duvessa is heavily wounded.
You constrict Duvessa, but do no damage.
Duvessa hits you but does no damage. x2
You hit Duvessa but do no damage.
Duvessa is heavily wounded.
You constrict Duvessa.
Duvessa hits you with a +0 short sword of protection.
* * * LOW HITPOINT WARNING * * *
You hit Duvessa but do no damage. You squeeze Duvessa, but do no damage.
Duvessa is heavily wounded.
You constrict Duvessa, but do no damage.
You are feeling very hungry.
Duvessa hits you but does no damage. Duvessa closely misses you.
You hit Duvessa but do no damage.
Duvessa is heavily wounded.
You constrict Duvessa, but do no damage.
Duvessa hits you with a +0 short sword of protection!
You die...

#............##...###.
#.###..########..####.
#.# #.(# #....... #.#
#..# #.....<. #.# #..#
##+##### #.# #..#
#.###..# #......##
#####@..#
......e).....+
#######..(#### #..##
#.## #.# #.# ...


You could see Duvessa (berserk).

Vanquished Creatures
  Dowan (D:4)
  A worker ant (D:4)
  6 adders
  An ooze (D:3)
  A worm (D:3)
  3 dart slugs
  3 leopard geckos
  11 orcs (D:3)
  A ball python (D:1)
  3 bats
  3 giant cockroaches
  12 goblins
  3 hobgoblins
  A quokka (D:2)
  5 kobolds
  6 rats
61 creatures vanquished.

Notes
Turn   | Place    | Note
-------+----------+-------------------------------------------
     0 | D:1      | Lanoc the Octopode Gladiator began the quest for the Orb.
     0 | D:1      | Reached XP level 1. HP: 14/14 MP: 1/1
   291 | D:1      | Reached XP level 2. HP: 15/19 MP: 2/2
   803 | D:1      | Reached XP level 3. HP: 19/25 MP: 3/3
  1049 | D:2      | Found an opulent altar of Gozag.
  1312 | D:2      | Reached XP level 4. HP: 30/30 MP: 4/4
  1865 | D:3      | Reached XP level 5. HP: 33/36 MP: 5/5
  2148 | D:3      | Found a runed translucent door.
  2148 | D:3      | Noticed DrMuscles's ghost (amateur FoFi)
  2477 | D:4      | Noticed Dowan
  2478 | D:4      | Noticed Duvessa
  2485 | D:4      | Killed Dowan
  2495 | D:4      | Mangled by Duvessa

Levels and vault maps discovered:
D:1:      dpeg_arrival_round_a, layout_loops_corners, minmay_misc_feat_room,
          minmay_tromino_v4_b
D:2:      layout_loops_ring, old_standard_altar,
          hangedman_abyss_or_decor_lesser_grid
D:3:      layout_basic, first_ration, hellmonk_ghost_happy_afterlife
D:4:      black_bear_nest_1, layout_loops_corners, minmay_pentangle,
          uniq_duvessa, uniq_natasha

Skill      XL: |  1  2  3  4  5 |
---------------+----------------+-----
Axes           | 4 |  4.9
Fighting       | 3 |  3.3
Dodging        | 4 |  4.1
Throwing       | |  2.0

Action                   |  1- 3 |  4- 6 || total
-------------------------+-------+-------++-------
Melee: War axe           |    45 |       ||    45
       Constrict         |    17 |    18 ||    35
       Tentacles         |     6 |    18 ||    24
       Hand axe          |    12 |    75 ||    87
  Use: Scroll            |       |     3 ||     3
 Stab: Sleeping          |     5 |     4 ||     9
  Eat: Chunk             |     1 |     3 ||     4
Armor: Skin              |     2 |     6 ||     8
Dodge: Dodged            |    38 |    60 ||    98

Table legend:
 A = Non-vault XP
 B = Vault XP
 C = Vault XP percentage of total XP
 D = Non-vault monster count
 E = Vault monster count
 F = Vault count percentage of total count
                 A         B        C        D         E       F
            +---------+---------+-------+---------+---------+-------
      Total |     231 |      69 |  23.0 |      58 |       3 |   4.9
            +---------+---------+-------+---------+---------+-------
        D:1 |      33 |       3 |   8.3 |      18 |       2 |  10.0
        D:2 |      81 |       0 |   0.0 |      17 |       0 |   0.0
        D:3 |      84 |       0 |   0.0 |      22 |       0 |   0.0
        D:4 |      33 |      66 |  66.7 |       1 |       1 |  50.0
            +---------+---------+-------+---------+---------+-------
